[Event "GER-chT Youth Countries 2018"]
[Site "Wurzburg"]
[Date "2018.10.03"]
[Round "2"]
[White "Philipp, Mathias"]
[Black "Troyke, Jannis"]
[Result "1-0"]
[ECO "B20"]
[WhiteElo "2076"]
[BlackElo "1924"]
[Annotator "NA"]
[PlyCount "51"]
[EventDate "2018.10.02"]
[EventType "team-tourn"]
[EventCountry "GER"]
[SourceTitle "playchess.com"]
[Source "ChessBase"]
[SourceQuality "1"]
[TimeControl "40/5400+30:1800+30"]

1. e4 c5 2. b3 Nc6 3. Bb2 Nf6 4. e5 Nd5 5. Nf3 e6 6. g3 Be7 7. Bg2 O-O 8. O-O f6 9. exf6 Bxf6 10. d4 cxd4 11. Nxd4 Qb6 12. Bxd5 Nxd4 13. c3 Nc6 14. Bg2 Qc7 15. Nd2 b6 16. Ne4 Be7 17. c4 Bb7 18. f4 Rad8 19. Qg4 g6 20. Rad1 Nb4 21. Be5 Qc6 22. Nf6+ Bxf6 23. Bxc6 Bxc6 24. Bxf6 Rxf6 25. a3 Na6 26. b4 1-0

[Event "GER-chT Youth Countries 2018"]
[Site "Wurzburg"]
[Date "2018.10.03"]
[Round "2"]
[White "Lesny, Florian"]
[Black "Ley, Sabrina"]
[Result "1-0"]
[ECO "B01"]
[WhiteElo "2073"]
[BlackElo "1902"]
[Annotator "NA"]
[PlyCount "71"]
[EventDate "2018.10.02"]
[EventType "team-tourn"]
[EventCountry "GER"]
[SourceTitle "playchess.com"]
[Source "ChessBase"]
[SourceQuality "1"]
[TimeControl "40/5400+30:1800+30"]

1. e4 d5 2. exd5 Qxd5 3. Nc3 Qd6 4. d4 Nf6 5. Nf3 a6 6. Bd3 Bg4 7. h3 Bh5 8. Be3 Nc6 9. g4 Bg6 10. Qe2 Bxd3 11. Qxd3 O-O-O 12. O-O-O e6 13. Kb1 Kb8 14. Qe2 Nd5 15. Ne4 Qb4 16. c3 Qb6 17. c4 Nxe3 18. fxe3 f6 19. c5 Qa5 20. Rd3 Nb4 21. Ra3 Qb5 22. Qd1 Qc6 23. Ned2 e5 24. Rb3 Nd5 25. Nc4 b6 26. Qe2 Ka7 27. cxb6+ cxb6 28. dxe5 b5 29. Na3 Bxa3 30. Rxa3 fxe5 31. Rc1 Qb6 32. Nxe5 Rc8 33. Rd1 Rhd8 34. Rad3 Nf6 35. Rxd8 Rxd8 36. Rxd8 1-0

[Event "GER-chT Youth Countries 2018"]
[Site "Wurzburg"]
[Date "2018.10.03"]
[Round "2"]
[White "Schulze, Lara"]
[Black "Huber, Benedikt"]
[Result "1-0"]
[ECO "B48"]
[WhiteElo "2066"]
[BlackElo "2116"]
[Annotator "NA"]
[PlyCount "45"]
[EventDate "2018.10.02"]
[EventType "team-tourn"]
[EventCountry "GER"]
[SourceTitle "playchess.com"]
[Source "ChessBase"]
[SourceQuality "1"]
[TimeControl "40/5400+30:1800+30"]

1. e4 c5 2. Nf3 e6 3. d4 cxd4 4. Nxd4 Nc6 5. Nc3 Qc7 6. Be3 a6 7. Qf3 d6 8. Nxc6 Qxc6 9. g4 Be7 10. g5 h6 11. h4 b5 12. a3 Bb7 13. O-O-O Rc8 14. Rg1 hxg5 15. hxg5 Bd8 16. Qg3 Bc7 17. g6 f6 18. Bh3 Kd7 19. Nd5 Re8 20. Nxc7 Kxc7 21. Rd3 Kb8 22. Rxd6 Qc7 23. Bb6 1-0

[Event "GER-chT Youth Countries 2018"]
[Site "Wurzburg"]
[Date "2018.10.03"]
[Round "2"]
[White "Joeres, Stefan"]
[Black "Urban, Konstantin"]
[Result "0-1"]
[ECO "B90"]
[WhiteElo "2039"]
[BlackElo "2279"]
[Annotator "NA"]
[PlyCount "66"]
[EventDate "2018.10.02"]
[EventType "team-tourn"]
[EventCountry "GER"]
[SourceTitle "playchess.com"]
[Source "ChessBase"]
[SourceQuality "1"]
[TimeControl "40/5400+30:1800+30"]

1. e4 c5 2. Nf3 d6 3. d4 cxd4 4. Nxd4 Nf6 5. Nc3 a6 6. a3 g6 7. Be2 Bg7 8. Be3 O-O 9. O-O Bd7 10. f4 Nc6 11. Nxc6 Bxc6 12. Bf3 Qc7 13. a4 Qa5 14. Nd5 Nxd5 15. exd5 Bxa4 16. b3 Qc3 17. Rxa4 Qxe3+ 18. Kh1 b5 19. Re4 Qa7 20. Qe2 Bf6 21. g4 h6 22. Rg1 Qc7 23. Rg2 Kg7 24. Re3 Rfb8 25. g5 hxg5 26. fxg5 Be5 27. Be4 Rh8 28. Rf3 Raf8 29. Qf1 Rh4 30. Rgf2 f5 31. gxf6+ exf6 32. Bd3 Rfh8 33. h3 Qd7 0-1

[Event "GER-chT Youth Countries 2018"]
[Site "Wurzburg"]
[Date "2018.10.03"]
[Round "2"]
[White "Fromm, Marius"]
[Black "Nguyen, Huy Dat"]
[Result "1/2-1/2"]
[ECO "A04"]
[WhiteElo "2022"]
[BlackElo "2194"]
[Annotator "NA"]
[PlyCount "62"]
[EventDate "2018.10.02"]
[EventType "team-tourn"]
[EventCountry "GER"]
[SourceTitle "playchess.com"]
[Source "ChessBase"]
[SourceQuality "1"]
[TimeControl "40/5400+30:1800+30"]

1. Nf3 g6 2. c4 Bg7 3. Nc3 e5 4. g3 d6 5. Bg2 f5 6. O-O Nf6 7. d4 e4 8. Ng5 h6 9. Nh3 O-O 10. f3 exf3 11. Bxf3 Nc6 12. e3 Ne7 13. Nf4 g5 14. Nfd5 Nexd5 15. Nxd5 c6 16. Nc3 Bd7 17. Bd2 Qc7 18. Qc2 Rae8 19. Rae1 Kh8 20. b3 a6 21. Kh1 Bc8 22. d5 Re5 23. dxc6 bxc6 24. Nd1 Ne4 25. Bc1 c5 26. Bb2 Ree8 27. Nc3 Nxc3 28. Bxc3 Bb7 29. Bxg7+ Qxg7 30. Bxb7 Qxb7+ 31. Qg2 Qxg2+ 1/2-1/2

[Event "GER-chT Youth Countries 2018"]
[Site "Wurzburg"]
[Date "2018.10.03"]
[Round "2"]
[White "Leser, Katrin"]
[Black "Arakelian, Aik"]
[Result "0-1"]
[ECO "C72"]
[WhiteElo "2018"]
[BlackElo "1879"]
[Annotator "NA"]
[PlyCount "98"]
[EventDate "2018.10.02"]
[EventType "team-tourn"]
[EventCountry "GER"]
[SourceTitle "playchess.com"]
[Source "ChessBase"]
[SourceQuality "1"]
[TimeControl "40/5400+30:1800+30"]

1. e4 e5 2. Nf3 Nc6 3. Bb5 a6 4. Ba4 d6 5. O-O Bd7 6. c3 g6 7. d4 Nf6 8. Re1 Bg7 9. d5 Ne7 10. Bxd7+ Qxd7 11. c4 O-O 12. Nc3 Nh5 13. Be3 h6 14. Nd2 f5 15. f3 f4 16. Bf2 g5 17. h3 Nf6 18. c5 h5 19. cxd6 cxd6 20. Na4 Rad8 21. Rc1 Nc8 22. Nc4 Qf7 23. Nab6 Nxb6 24. Bxb6 Rd7 25. Ba5 Qg6 26. Bb4 Ne8 27. Nb6 Rdf7 28. Kf2 g4 29. hxg4 hxg4 30. Rg1 Bf6 31. Nc4 Bd8 32. Ba5 Nc7 33. a4 b5 34. axb5 axb5 35. Nxd6 Qxd6 36. Rc6 Qd7 37. Rh1 Nxd5 38. Rg6+ Rg7 39. Rxg7+ Kxg7 40. Bxd8 Qa7+ 41. Ke2 Qe3+ 42. Kf1 g3 43. Qc2 Qxf3+ 44. gxf3 Ne3+ 45. Kg1 Nxc2 46. Bc7 Re8 47. Rh5 Ne1 48. Kf1 Nxf3 49. Kg2 Kg6 0-1

[Event "GER-chT Youth Countries 2018"]
[Site "Wurzburg"]
[Date "2018.10.03"]
[Round "2"]
[White "Wu, Leon"]
[Black "Bui, Ngoc Han Julia"]
[Result "0-1"]
[ECO "B96"]
[WhiteElo "2009"]
[BlackElo "1876"]
[Annotator "NA RC"]
[PlyCount "106"]
[EventDate "2018.10.02"]
[EventType "team-tourn"]
[EventCountry "GER"]
[SourceTitle "playchess.com"]
[Source "ChessBase"]
[SourceQuality "1"]
[TimeControl "40/5400+30:1800+30"]

1. e4 c5 2. Nf3 d6 3. d4 cxd4 4. Nxd4 Nf6 5. Nc3 a6 6. Bg5 e6 7. f4 h6 8. Bxf6 Qxf6 9. Qd2 g5 10. f5 Nc6 11. Nb3 g4 12. O-O-O Qg5 13. Be2 Qxd2+ 14. Nxd2 Ne5 15. Nc4 Nxc4 16. Bxc4 b5 17. Bb3 Be7 18. Rhf1 Bg5+ 19. Kb1 Ke7 20. g3 Bb7 21. Rfe1 Rhd8 22. Ne2 exf5 23. exf5 Kf8 24. Nc3 Bf3 25. Rd3 Re8 26. Rg1 Be3 27. Rf1 Bg2 28. Rfd1 Bf3 29. Rf1 Bg2 30. Rfd1 Bf3 31. Bd5 Bxd1 32. Nxd1 Bc5 33. Bxa8 Rxa8 34. c3 Ke7 35. Ne3 Bxe3 36. Rxe3+ Kf6 37. Rd3 Ke5 38. Rd4 h5 39. Kc2 Rd8 40. Rf4 d5 41. Kd3 Rd6 42. a4 bxa4 43. Rxa4 Rb6 44. b4 Rc6 45. Ra5 Kd6 46. Kd4 Rc4+ 47. Kd3 Rc6 48. Ke3 Rxc3+ 49. Kf4 f6 50. Rxa6+ Ke7 51. Re6+ Kf7 52. Re3 Rc4+ 53. Re4 Rxe4# 0-1

[Event "GER-chT Youth Countries 2018"]
[Site "Wurzburg"]
[Date "2018.10.03"]
[Round "2"]
[White "Keyser, Robin"]
[Black "Noeldner, Julian"]
[Result "1-0"]
[ECO "E06"]
[WhiteElo "1999"]
[BlackElo "2024"]
[Annotator "NA"]
[PlyCount "77"]
[EventDate "2018.10.02"]
[EventType "team-tourn"]
[EventCountry "GER"]
[SourceTitle "playchess.com"]
[Source "ChessBase"]
[SourceQuality "1"]
[TimeControl "40/5400+30:1800+30"]

1. d4 Nf6 2. c4 e6 3. g3 d5 4. Nf3 Be7 5. Bg2 O-O 6. O-O dxc4 7. Qc2 a6 8. Qxc4 b5 9. Qc2 Bb7 10. Bd2 Be4 11. Qc1 c6 12. Rd1 h6 13. Nc3 Bh7 14. Bf4 Nbd7 15. Ne5 Nxe5 16. dxe5 Nd5 17. h4 Qb6 18. Ne4 Rfd8 19. Nd6 Ra7 20. e4 Nxf4 21. Qxf4 Bf8 22. b4 Rad7 23. Rd2 c5 24. Qe3 Rc7 25. Rc1 a5 26. bxc5 Qc6 27. Bf1 Rb8 28. Rb2 b4 29. a3 Qa4 30. axb4 axb4 31. Qb3 Qc6 32. Qc4 b3 33. Rxb3 Rxb3 34. Qxb3 Bxe4 35. Qb8 Qd7 36. Nxe4 Rb7 37. c6 Qxc6 38. Qxf8+ Kxf8 39. Rxc6 1-0

[Event "GER-chT Youth Countries 2018"]
[Site "Wurzburg"]
[Date "2018.10.03"]
[Round "2"]
[White "Hommer, Jeremy"]
[Black "Kunisch, Nina"]
[Result "1-0"]
[ECO "D00"]
[WhiteElo "1983"]
[BlackElo "1740"]
[Annotator "NA RC"]
[PlyCount "153"]
[EventDate "2018.10.02"]
[EventType "team-tourn"]
[EventCountry "GER"]
[SourceTitle "playchess.com"]
[Source "ChessBase"]
[SourceQuality "1"]
[TimeControl "40/5400+30:1800+30"]

1. d4 d5 2. Bf4 Nf6 3. e3 c5 4. c3 Nc6 5. Nd2 e6 6. Ngf3 cxd4 7. exd4 Nh5 8. Bg5 f6 9. Be3 Bd6 10. Nh4 g6 11. g3 O-O 12. Be2 Ng7 13. Bf3 Ne7 14. Nb3 Ngf5 15. Nxf5 Nxf5 16. O-O h5 17. Kh1 Qc7 18. Qd3 b6 19. Rg1 Kf7 20. Nc1 Bb7 21. Ne2 Rh8 22. Bf4 g5 23. Bxd6 Qxd6 24. Bg2 a5 25. Rae1 Ba6 26. Qd2 h4 27. g4 h3 28. gxf5 hxg2+ 29. Rxg2 exf5 30. f4 g4 31. Ng3 Kg6 32. Nxf5 Qd7 33. Qc2 Kh5 34. Ne7 Rh6 35. f5 Rh7 36. Ng6 Re8 37. Rxe8 Qxe8 38. Qf2 Kh6 39. Rxg4 Kg7 40. Qg3 Be2 41. Ne5+ Bxg4 42. Qxg4+ Kf8 43. Ng6+ Kf7 44. Kg2 Qe4+ 45. Qxe4 dxe4 46. Nf4 Rh4 47. Kg3 Rh8 48. h4 Rg8+ 49. Ng6 Re8 50. Nf4 e3 51. Kf3 b5 52. Ne6 Rh8 53. d5 Ke7 54. Nf4 Kd6 55. Kxe3 Rxh4 56. b3 Rh2 57. c4 bxc4 58. bxc4 Rxa2 59. Kd4 Rf2 60. c5+ Kd7 61. Ne6 Ke7 62. d6+ Kd7 63. Ke4 a4 64. Nd4 a3 65. Kd5 Rxf5+ 66. Nxf5 a2 67. c6+ Ke8 68. d7+ Kf7 69. d8=Q a1=Q 70. Nd4 Qa2+ 71. Kd6 Qa3+ 72. Kd5 Qa2+ 73. Kc5 Qa3+ 74. Kb6 Qb2+ 75. Nb5 Qf2+ 76. Qd4 Qf5 77. Qd7+ 1-0

[Event "GER-chT Youth Countries 2018"]
[Site "Wurzburg"]
[Date "2018.10.03"]
[Round "2"]
[White "Halas, Julia"]
[Black "Riegel, Arinna"]
[Result "1-0"]
[ECO "D35"]
[WhiteElo "1972"]
[BlackElo "1881"]
[Annotator "NA"]
[PlyCount "91"]
[EventDate "2018.10.02"]
[EventType "team-tourn"]
[EventCountry "GER"]
[SourceTitle "playchess.com"]
[Source "ChessBase"]
[SourceQuality "1"]
[TimeControl "40/5400+30:1800+30"]

1. d4 d5 2. c4 e6 3. Nc3 Nf6 4. cxd5 exd5 5. Bg5 Be7 6. e3 O-O 7. Bd3 h6 8. Bh4 b6 9. Nge2 Bb7 10. Qc2 Nbd7 11. O-O c5 12. f3 Re8 13. Rad1 cxd4 14. Nxd4 Bc5 15. Bf2 Ne5 16. Bf5 g6 17. Bh3 Qe7 18. Rfe1 Bc8 19. Bh4 g5 20. Bxc8 Raxc8 21. Nf5 Qf8 22. Bf2 Red8 23. Qb3 Nc4 24. Nb5 a6 25. Nbd4 Nd6 26. Qd3 b5 27. Re2 Nxf5 28. Nxf5 Rd7 29. Bg3 Rcd8 30. Qc3 Be7 31. Be5 Nh5 32. g4 Rc8 33. Qd3 f6 34. Bd4 Ng7 35. Nxh6+ Kh8 36. Qg6 Bd8 37. Nf5 Rcc7 38. Nxg7 Qxg7 39. Qe8+ Kh7 40. Qh5+ Kg8 41. Qe8+ Kh7 42. Qe6 a5 43. Red2 Be7 44. Bb6 Rb7 45. Rxd5 Rxd5 46. Rxd5 1-0

[Event "GER-chT Youth Countries 2018"]
[Site "Wurzburg"]
[Date "2018.10.03"]
[Round "2"]
[White "Wagner, Leopold Franziskus"]
[Black "Richter, Nils"]
[Result "0-1"]
[ECO "B44"]
[WhiteElo "1941"]
[BlackElo "2035"]
[Annotator "NA"]
[PlyCount "115"]
[EventDate "2018.10.02"]
[EventType "team-tourn"]
[EventCountry "GER"]
[SourceTitle "playchess.com"]
[Source "ChessBase"]
[SourceQuality "1"]
[TimeControl "40/5400+30:1800+30"]

1. e4 c5 2. Nf3 e6 3. d4 cxd4 4. Nxd4 Nc6 5. c4 Nf6 6. Nc3 Bb4 7. f3 O-O 8. Nxc6 dxc6 9. Be3 e5 10. Qb3 Be7 11. Rd1 Qc7 12. Be2 Be6 13. g4 Nd7 14. h4 Nc5 15. Qc2 a5 16. h5 Rad8 17. g5 g6 18. Bf1 Na6 19. a3 Bc5 20. Bxc5 Nxc5 21. Be2 Bc8 22. Kf2 Rxd1 23. Rxd1 Ne6 24. Qc1 Nf4 25. hxg6 fxg6 26. Bf1 Qb6+ 27. c5 Qxc5+ 28. Qe3 Qe7 29. Ne2 Qxg5 30. Nxf4 Qh4+ 31. Ke2 Qxf4 32. Qxf4 exf4 33. Rc1 Bd7 34. Kd3 Kf7 35. Kd4 b6 36. Ke5 Ke7 37. Bc4 Rf6 38. Rd1 Be8 39. b4 axb4 40. axb4 g5 41. Ra1 Rd6 42. Ra6 b5 43. Bg8 h6 44. Ra7+ Rd7 45. Ra6 Rd6 46. Ra7+ Bd7 47. Bf7 g4 48. fxg4 f3 49. Bh5 f2 50. Ra1 Re6+ 51. Kd4 Rf6 52. Rf1 Ke6 53. g5 hxg5 54. Bg4+ Ke7 55. Bxd7 Kxd7 56. Ke3 Ke6 57. Rxf2 Rxf2 58. Kd4 {Ke5+} 0-1

[Event "GER-chT Youth Countries 2018"]
[Site "Wurzburg"]
[Date "2018.10.03"]
[Round "2"]
[White "Hommel, Niclas"]
[Black "von Krosigk, Florian"]
[Result "0-1"]
[ECO "B42"]
[WhiteElo "1915"]
[BlackElo "1897"]
[Annotator "NA"]
[PlyCount "76"]
[EventDate "2018.10.02"]
[EventType "team-tourn"]
[EventCountry "GER"]
[SourceTitle "playchess.com"]
[Source "ChessBase"]
[SourceQuality "1"]
[TimeControl "40/5400+30:1800+30"]

1. e4 c5 2. Nf3 e6 3. d4 cxd4 4. Nxd4 a6 5. Bd3 Nf6 6. O-O Qc7 7. c4 b6 8. Nc3 Bb7 9. a3 d6 10. Be3 Nbd7 11. f3 Be7 12. Rc1 O-O 13. b4 Rac8 14. f4 Qb8 15. g4 Qa8 16. Qf3 d5 17. cxd5 exd5 18. e5 Ne4 19. Nf5 Rfe8 20. Nxe7+ Rxe7 21. Nxd5 Bxd5 22. Rxc8+ Qxc8 23. Bxe4 Bxe4 24. Qxe4 Nf6 25. Qf3 Nxg4 26. Bxb6 Re6 27. Bc5 Rg6 28. Kh1 Rh6 29. Bg1 Rh3 30. Rc1 Rxh2+ 31. Bxh2 Qxc1+ 32. Bg1 h5 33. a4 Qc4 34. Bc5 a5 35. Kg2 axb4 36. Bf2 b3 37. a5 b2 38. Qd1 Qe4+ 0-1

[Event "GER-chT Youth Countries 2018"]
[Site "Wurzburg"]
[Date "2018.10.03"]
[Round "2"]
[White "Schumann, Rabea"]
[Black "Grund, Sebastian"]
[Result "0-1"]
[ECO "A15"]
[WhiteElo "1903"]
[BlackElo "1992"]
[Annotator "NA RC"]
[PlyCount "142"]
[EventDate "2018.10.02"]
[EventType "team-tourn"]
[EventCountry "GER"]
[SourceTitle "playchess.com"]
[Source "ChessBase"]
[SourceQuality "1"]
[TimeControl "40/5400+30:1800+30"]

1. c4 Nf6 2. g3 c6 3. Nf3 g6 4. Bg2 Bg7 5. Nc3 d5 6. O-O O-O 7. d3 Nbd7 {[%emt 0:11:24] A16: English Opening: 1...Nf6 with ...d5} (7... dxc4 8. dxc4 Qxd1 9. Rxd1 Be6 10. b3 Ne4 11. Nxe4 Bxa1 12. Ba3 Bf5 13. Nc5 Bf6 14. Nxb7 a5 15. h3 a4 16. b4 Ra7 17. Nc5 {0-1 (54) Ernst,S (2546)-Sokolov,I (2565) Amsterdam 2018}) 8. Qc2 e5 9. e4 d4 $146 ({Predecessor:} 9... dxc4 10. dxc4 Qc7 11. h3 b6 12. Rd1 Bb7 13. Be3 Rad8 14. Rac1 Nb8 15. c5 b5 16. b4 Bc8 17. Nd2 Nh5 18. Nf1 Be6 19. Rxd8 Rxd8 20. Rd1 Bc4 21. Rxd8+ Qxd8 22. Qd2 Qxd2 {½-½ (22) Szarvas,S (2126)-Slezak,R (2167) Hungary 2006}) 10. Ne2 a5 11. b3 Qe7 12. Nh4 Ne8 13. f4 exf4 14. Bxf4 c5 15. Rae1 Ne5 16. Nf3 Nd6 17. Nxe5 Bxe5 18. Bxe5 Qxe5 19. Nf4 Be6 20. Qd2 Qg5 21. Rf2 Rae8 22. Bh3 Bxh3 23. Nxh3 Qxd2 24. Rxd2 Re5 25. Rde2 Rfe8 26. Kf2 g5 27. Kf3 R8e6 28. g4 Ne8 29. Kg3 h5 30. Ng1 hxg4 31. Kxg4 Rg6 32. Nf3 Nf6+ 33. Kg3 Re8 34. Kf2 Ng4+ 35. Kg3 Ne3 36. h3 Kg7 37. Nh2 Rh8 38. Ng4 Nxg4 39. Kxg4 Rh4+ 40. Kg3 Rf6 41. Rb1 Rhf4 42. Rd1 Kg6 43. e5 Re6 44. Rde1 Rh4 45. Rf1 f5 46. exf6 Rxe2 47. f7 Re3+ 48. Kg2 Rh8 49. f8=Q Rxf8 50. Rxf8 Rxd3 51. Rc8 b6 52. Rc6+ Kf5 53. Rxb6 Re3 54. Rc6 $1 Re5 55. Kf3 Re3+ (55... a4 $5) 56. Kg2 Ke4 57. Rxc5 d3 58. Rd5 Re2+ 59. Kf1 Ke3 (59... Rxa2 $142 60. Ke1 Ke3 61. Re5+ Kd4) 60. Re5+ Kd2 61. Rxg5 Kc2 62. c5 {[%emt 0:00:25] [#]} d2 $1 63. Kxe2 d1=Q+ 64. Ke3 Qd2+ 65. Ke4 Qxg5 66. Kd4 Qh4+ 67. Kd5 Qxh3 68. Kc6 Qc8+ 69. Kb5 Kb2 70. b4 axb4 71. Kxb4 Kxa2 0-1

[Event "GER-chT Youth Countries 2018"]
[Site "Wurzburg"]
[Date "2018.10.03"]
[Round "2"]
[White "Ratay, Meike"]
[Black "Focke, Adrian"]
[Result "1-0"]
[ECO "B43"]
[WhiteElo "1887"]
[BlackElo "1804"]
[Annotator "NA"]
[PlyCount "63"]
[EventDate "2018.10.02"]
[EventType "team-tourn"]
[EventCountry "GER"]
[SourceTitle "playchess.com"]
[Source "ChessBase"]
[SourceQuality "1"]
[TimeControl "40/5400+30:1800+30"]

1. e4 c5 2. Nf3 e6 3. d4 cxd4 4. Nxd4 a6 5. Nc3 Qc7 6. Bd3 Nf6 7. O-O b6 8. Qe2 d6 9. f4 Nbd7 10. Kh1 Bb7 11. Bd2 Be7 12. Rae1 Nc5 13. b4 Nxd3 14. cxd3 Rc8 15. g4 h6 16. a3 Nd7 17. Nf3 Qb8 18. d4 Qa8 19. d5 O-O 20. g5 hxg5 21. fxg5 exd5 22. exd5 Rfe8 23. Qd3 Rxc3 24. Bxc3 Bxd5 25. Kg1 b5 26. Qf5 Ne5 27. Nxe5 dxe5 28. Rxe5 Bc4 29. Rfe1 Qa7+ 30. Qf2 Qc7 31. Qe3 Be6 32. g6 1-0

[Event "GER-chT Youth Countries 2018"]
[Site "Wurzburg"]
[Date "2018.10.03"]
[Round "2"]
[White "Moeller, Lisa-Marie"]
[Black "Woerz, Ann-Sophie"]
[Result "1/2-1/2"]
[ECO "C28"]
[WhiteElo "1868"]
[BlackElo "1463"]
[Annotator "NA"]
[PlyCount "58"]
[EventDate "2018.10.02"]
[EventType "team-tourn"]
[EventCountry "GER"]
[SourceTitle "playchess.com"]
[Source "ChessBase"]
[SourceQuality "1"]
[TimeControl "40/5400+30:1800+30"]

1. e4 e5 2. Nc3 Nc6 3. Bc4 Nf6 4. d3 Bc5 5. Nge2 d6 6. h3 Be6 7. Bxe6 fxe6 8. Na4 Bb6 9. Nxb6 axb6 10. O-O O-O 11. f4 d5 12. fxe5 Nxe5 13. d4 Ng6 14. e5 Ne4 15. Be3 Nh4 16. Bf4 Nf5 17. Qd3 c5 18. c4 cxd4 19. g4 Ne7 20. Nxd4 Nc5 21. Qe2 dxc4 22. Qxc4 Ra4 23. b4 Qc8 24. Qb5 Nd5 25. Bd2 Rxf1+ 26. Kxf1 Nc7 27. Qxb6 Nd7 28. Qd6 Ra6 29. Qe7 Nd5 1/2-1/2

[Event "GER-chT Youth Countries 2018"]
[Site "Wurzburg"]
[Date "2018.10.03"]
[Round "2"]
[White "Zeuner, Ole"]
[Black "Glinzner, Alva"]
[Result "0-1"]
[ECO "B14"]
[WhiteElo "1865"]
[BlackElo "1787"]
[Annotator "NA RC"]
[PlyCount "158"]
[EventDate "2018.10.02"]
[EventType "team-tourn"]
[EventCountry "GER"]
[SourceTitle "playchess.com"]
[Source "ChessBase"]
[SourceQuality "1"]
[TimeControl "40/5400+30:1800+30"]

1. e4 c6 2. d4 d5 3. exd5 cxd5 4. c4 Nf6 5. Nc3 g6 6. Nf3 Bg7 7. Be3 O-O 8. Qd2 Nbd7 9. cxd5 Nb6 10. Bd3 Nbxd5 11. Bh6 Qb6 12. Bxg7 Kxg7 13. h3 Bd7 14. O-O Bc6 15. Rfe1 Rad8 16. Rac1 e6 17. Bb1 Ne7 18. Ne4 Nxe4 19. Bxe4 Bd5 20. b3 Nc6 21. Qb2 Rd6 22. Rcd1 Rfd8 23. Rd2 Qc7 24. Bxd5 Rxd5 25. a3 Qf4 26. Red1 Qf6 27. Kf1 Ne7 28. Ne5 Nf5 29. Rd3 Qg5 30. g3 h5 31. h4 Qe7 32. R1d2 R8d6 33. Nc4 Rd7 34. Ne5 R7d6 35. Kg2 Qd8 36. Nc4 Rd7 37. Ne5 R7d6 38. Nc4 Rd7 39. Ne3 Nxe3+ 40. fxe3 f6 41. Qc2 R5d6 42. Qd1 Qa5 43. a4 Qd5+ 44. Qf3 Qxf3+ 45. Kxf3 Rc7 46. e4 Kf7 47. d5 e5 48. Re3 Ke7 49. Rdd3 Rdd7 50. Rc3 Kd6 51. g4 hxg4+ 52. Kxg4 Rxc3 53. Rxc3 Rh7 54. Rc8 f5+ 55. exf5 gxf5+ 56. Kxf5 Rxh4 57. Rd8+ Kc7 58. Re8 Kd6 59. Rd8+ Kc7 60. Re8 Kd6 61. Rb8 Rf4+ 62. Kg5 Rb4 63. Rd8+ Ke7 64. Ra8 a6 65. Kf5 e4 66. Rh8 e3 67. Rh2 Kd6 68. Re2 Rxb3 69. Ke4 Rb4+ 70. Kxe3 Kxd5 71. Ra2 Kc4 72. Kd2 Kb3 73. Ra1 Kb2 74. Rg1 Rxa4 75. Rg7 b5 76. Ra7 b4 77. Rb7 b3 78. Rb6 a5 79. Rb5 Ra1 0-1

[Event "GER-chT Youth Countries 2018"]
[Site "Wurzburg"]
[Date "2018.10.03"]
[Round "2"]
[White "Farokhi, Keyvan"]
[Black "Dietz, Kristin"]
[Result "1/2-1/2"]
[ECO "A34"]
[WhiteElo "1855"]
[BlackElo "1762"]
[Annotator "NA"]
[PlyCount "141"]
[EventDate "2018.10.02"]
[EventType "team-tourn"]
[EventCountry "GER"]
[SourceTitle "playchess.com"]
[Source "ChessBase"]
[SourceQuality "1"]
[TimeControl "40/5400+30:1800+30"]

1. c4 c5 2. g3 Nf6 3. Nc3 d5 4. cxd5 Nxd5 5. Bg2 Nc7 6. Nf3 Nc6 7. d3 e5 8. O-O Be7 9. Be3 O-O 10. Nd2 Rb8 11. Nc4 f6 12. Qb3 Be6 13. Bxc6 bxc6 14. Qa4 Nb5 15. f4 Nd4 16. fxe5 Rb4 17. Qa5 Bxc4 18. Qxd8 Rxd8 19. exf6 Bxf6 20. dxc4 Rxb2 21. Rad1 Re8 22. Rd3 Rc2 23. Na4 Nxe2+ 24. Kh1 Rxc4 25. Nxc5 Nc3 26. Nd7 Nd5 27. Nxf6+ Nxf6 28. Bxa7 Ra4 29. Bd4 Rxa2 30. Rf2 Rxf2 31. Bxf2 Ne4 32. Kg2 Nxf2 33. Kxf2 Kf7 34. Rd6 Rc8 35. Ke3 Ke7 36. Rd4 c5 37. Rg4 g6 38. Rh4 h5 39. Kd3 Kd6 40. g4 hxg4 41. Rxg4 Rg8 42. h4 Kc6 43. Rg5 Rd8+ 44. Kc3 Rd6 45. h5 gxh5 46. Rxh5 Rg6 47. Rh3 Kb5 48. Kc2 Rg4 49. Kb2 Kb4 50. Rb3+ Kc4 51. Rh3 Kd4 52. Kc2 c4 53. Kc1 Re4 54. Kc2 Rg4 55. Kc1 Kc5 56. Kc2 Kb4 57. Kc1 Rg2 58. Rf3 Rg4 59. Kc2 Rd4 60. Rh3 Rf4 61. Rg3 Rf2+ 62. Kc1 Ra2 63. Kb1 Ra3 64. Rxa3 Kxa3 65. Kc2 Ka4 66. Kc3 Kb5 67. Kc2 Kb4 68. Kb2 c3+ 69. Kc2 Kc4 70. Kc1 Kd3 71. Kd1 1/2-1/2

[Event "GER-chT Youth Countries 2018"]
[Site "Wurzburg"]
[Date "2018.10.03"]
[Round "2"]
[White "Hetzner, Hannes"]
[Black "Pubantz, Jan"]
[Result "0-1"]
[ECO "B90"]
[WhiteElo "1855"]
[BlackElo "2084"]
[Annotator "NA"]
[PlyCount "58"]
[EventDate "2018.10.02"]
[EventType "team-tourn"]
[EventCountry "GER"]
[SourceTitle "playchess.com"]
[Source "ChessBase"]
[SourceQuality "1"]
[TimeControl "40/5400+30:1800+30"]

1. e4 c5 2. Nf3 d6 3. d4 cxd4 4. Nxd4 Nf6 5. Nc3 a6 6. h3 e6 7. g4 h6 8. Bg2 g5 9. Be3 Nbd7 10. h4 Rg8 11. f3 Ne5 12. Qe2 b5 13. a3 Bb7 14. O-O-O Rc8 15. hxg5 hxg5 16. Bxg5 Rxg5 17. f4 Rg8 18. fxe5 Nxg4 19. Bh3 Rxc3 20. bxc3 Nxe5 21. Rdg1 Rxg1+ 22. Rxg1 Qh4 23. Bg2 Nc4 24. a4 Qg3 25. Nf3 Qf4+ 26. Nd2 Bh6 27. Rd1 Nxd2 28. Rxd2 bxa4 29. Kd1 a3 0-1

[Event "GER-chT Youth Countries 2018"]
[Site "Wurzburg"]
[Date "2018.10.03"]
[Round "2"]
[White "Flach, Helene"]
[Black "Metzdorf, Matteo"]
[Result "1/2-1/2"]
[ECO "C06"]
[WhiteElo "1844"]
[BlackElo "1806"]
[Annotator "NA"]
[PlyCount "90"]
[EventDate "2018.10.02"]
[EventType "team-tourn"]
[EventCountry "GER"]
[SourceTitle "playchess.com"]
[Source "ChessBase"]
[SourceQuality "1"]
[TimeControl "40/5400+30:1800+30"]

1. e4 e6 2. d4 d5 3. Nd2 Nf6 4. e5 Nfd7 5. Bd3 c5 6. c3 Nc6 7. Ne2 cxd4 8. cxd4 f6 9. exf6 Nxf6 10. Nf3 Bd6 11. O-O O-O 12. Bf4 Nh5 13. Bxd6 Qxd6 14. a3 Bd7 15. Rc1 h6 16. Bg6 Nf4 17. Nxf4 Rxf4 18. Bb1 Be8 19. Qd3 g6 20. Rfe1 Kg7 21. Qe3 Bf7 22. Ne5 Rf6 23. g3 Rf8 24. Ng4 Rh8 25. Nxf6 Kxf6 26. Rc3 Kg7 27. Qd2 Rf8 28. Rf3 b5 29. Rc1 Rc8 30. Rfc3 Be8 31. b4 a6 32. h4 Qe7 33. Qf4 Bd7 34. Qg4 Qf7 35. Rf3 Qxf3 36. Qxf3 Nxd4 37. Qd3 Rxc1+ 38. Kg2 Nf5 39. Bc2 d4 40. Qe4 Kf6 41. Kh2 h5 42. f3 Rh1+ 43. Kg2 Rc1 44. Kh2 Rh1+ 45. Kg2 Rc1 1/2-1/2

[Event "GER-chT Youth Countries 2018"]
[Site "Wurzburg"]
[Date "2018.10.03"]
[Round "2"]
[White "Muedder, Melanie"]
[Black "Deuer, Marius"]
[Result "1-0"]
[ECO "B34"]
[WhiteElo "1826"]
[BlackElo "1711"]
[Annotator "NA"]
[PlyCount "63"]
[EventDate "2018.10.02"]
[EventType "team-tourn"]
[EventCountry "GER"]
[SourceTitle "playchess.com"]
[Source "ChessBase"]
[SourceQuality "1"]
[TimeControl "40/5400+30:1800+30"]

1. e4 c5 2. Nf3 Nc6 3. d4 cxd4 4. Nxd4 g6 5. Nc3 Bg7 6. Be3 Nf6 7. Nxc6 dxc6 8. Qxd8+ Kxd8 9. O-O-O+ Nd7 10. Ne2 Kc7 11. Bf4+ Be5 12. Rxd7+ Kxd7 13. Bxe5 Rd8 14. Nf4 f6 15. Bc3 e5 16. Nd3 Ke7 17. f4 exf4 18. Nxf4 Be6 19. Nxe6 Kxe6 20. Bc4+ Ke7 21. Rf1 f5 22. exf5 gxf5 23. Rxf5 Kd6 24. Bb4+ Kc7 25. b3 Rd7 26. Be6 Rg7 27. g4 Re8 28. Bf8 Rg6 29. Bf7 Re1+ 30. Kd2 Ra1 31. Bxg6 hxg6 32. Rf7+ 1-0